 Dungeon Crawl Stone Soup version 0.31-a0-216-g22e908daa7 (webtiles) character file.

Game seed: 11341827169606707874

537 qw the Shooter (level 7, -3/43 HPs)
             Began as a Gargoyle Hexslinger on July 1, 2023.
             Slain by an orc warrior
             ... wielding a +0 long sword
              (8 damage)
             ... on level 5 of the Dungeon.
             The game lasted 00:01:31 (3847 turns).

qw the Shooter (Gargoyle Hexslinger)                Turns: 3847, Time: 00:01:31

Health: -3/43      AC: 10    Str: 12    XL:     7   Next: 25%
Magic:  8/8        EV: 10    Int: 13    God:
Gold:   61         SH:  0    Dex: 14    Spells: 7/8 levels left

rFire   . . .        Y - +4 sling
rCold   . . .        (no shield)
rNeg    + . .        c - +0 ring mail
rPois   inf          (no helmet)
rElec   +            (no cloak)
rCorr   .            (no gloves)
SInv    .            (no boots)
Will    .....        (no amulet)
Stlth   +            (no ring)
HPRegen 0.27/turn    (no ring)
MPRegen 0.11/turn

%: no passive effects
@: about to teleport
A: sickness immunity, AC +4, negative energy resistance 1, electricity
resistance, torment resistance 1, petrification resistance
a: no special abilities


You were on level 5 of the Dungeon.
You visited 1 branch of the dungeon, and saw 5 of its levels.

You collected 243 gold pieces.
You spent 182 gold pieces at shops.


Innate Abilities, Weirdness & Mutations

You are immune to sickness and miasma.
Your stone body is resilient. (AC +4)
You are immune to poison.
You resist negative energy. (rN+)
You are resistant to electric shocks. (rElec)
You are resistant to unholy torment.
You are immune to petrification.


   Skills:
 - Level 4.1 Fighting
 + Level 6.4 Ranged Weapons
 - Level 1.7 Armour
 - Level 1.5 Dodging
 - Level 1.0 Spellcasting
 - Level 2.6 Hexes


You had 7 spell levels left.
You knew the following spells:

 Your Spells              Type           Power      Damage    Failure   Level
a - Slow                  Hex            28%        N/A       21%         1

Your spell library contained the following spells:

 Spells                   Type           Power      Damage    Failure   Level
 Inner Flame              Hex/Fire       4%         N/A       71%         3
 Portal Projectile        Hex/Tloc       8%         N/A       71%         3
 Cause Fear               Hex            3%         N/A       90%         4

Inventory:

Hand Weapons
 Y - a +4 sling (weapon)
Armour
 a - the +1 helmet "Feyjedad" {+Blink rCorr}
   (You acquired it on level 2 of the Dungeon)

   +Blink:    It lets you blink.
   rCorr:     It protects you from acid and corrosion.
 c - a +0 ring mail (worn)
Scrolls
 h - a scroll of identify
Potions
 b - a potion of might
 e - a potion of haste
 f - 4 potions of curing
 g - a potion of enlightenment

Dungeon Overview and Level Annotations

Branches:
Dungeon (5/15)
 Temple: D:4-7

Altars:
Fedhas
Gozag

Shops:
D:2 ?   D:4 *=?   D:5 (

Annotations:
D:4 3 runed translucent doors, qw's ghost, amateur GrFi


Message History

The bolt misses you.
You shoot a sling bullet. The sling bullet barely misses the orc.
You shoot a sling bullet. The sling bullet hits the orc.
The orc is severely wounded.
The orc hits you but does no damage.
You shoot a sling bullet.
The sling bullet closely misses the orc.
The orc hits you but does no damage. The orc closely misses you.
You shoot a sling bullet. The sling bullet barely misses the orc.
The orc hits you with a +0 falchion.
The orc warrior unwields a +0 arbalest.
The orc warrior wields a +0 long sword.
The orc warrior hits you with a +0 long sword.
You shoot a sling bullet.
The sling bullet closely misses the orc.
The orc hits you but does no damage. The orc barely misses you.
The orc closely misses you. The orc warrior barely misses you.
You shoot a sling bullet. The sling bullet barely misses the orc.
The orc barely misses you. The orc hits you with a +0 mace.
The orc hits you but does no damage.
The orc warrior hits you with a +0 long sword.
The orc hits you but does no damage. x2; The orc closely misses you.
You shoot a sling bullet. The sling bullet hits the orc.
You kill the orc!
The orc warrior hits you with a +0 long sword!
The orc completely misses you. The orc hits you but does no damage.
The orc warrior barely misses you.
You shoot a sling bullet.
The sling bullet hits the orc warrior but does no damage.
The orc hits you with a +0 flail. The orc hits you but does no damage.
The orc warrior hits you with a +0 long sword.
3846 ||| READING scroll of teleportation.
As you read the scroll of teleportation, it crumbles to dust.
You feel strangely unstable. The orc misses you. The orc barely misses you.
The orc warrior hits you with a +0 long sword.
You shoot a sling bullet.
The sling bullet closely misses the orc warrior.
The orc barely misses you. The orc hits you with a +0 mace.
The orc warrior hits you with a +0 long sword!
You die...

#........#
#.#####..##
#.#~P.#...# ####
#.#D..#.#.###....
####.#####..........
#...........##......
#......\..........#
#........[.##.....#
#.o@...!.####.)...#
#.)oo....# #<.)..##
......##.###
###)....
.....)..##.# #.#.##
........##.# #.#.#
........##. #.#.#
#..#..... #.#.#
#........ ...>#
#.#.#


You could see an eight-headed hydra, an orc warrior and 2 orcs.

Vanquished Creatures
  A black bear (D:4)
  2 scorpions (D:4)
  A howler monkey (D:4)
  2 hounds
  An iguana (D:4)
  5 adders
  4 gnolls (D:5)
  A white imp (D:5)
  An ufetubus (D:4)
  2 worms
  4 dart slugs
  17 orcs
  5 endoplasms
  4 giant cockroaches
  7 goblins
  7 hobgoblins
  2 quokkas
  3 ball pythons
  4 bats
  3 frilled lizards
  4 kobolds
  3 rats
83 creatures vanquished.

Notes
Turn   | Place    | Note
-------+----------+-------------------------------------------
     0 | D:1      | qw the Gargoyle Hexslinger began the quest for the Orb.
     0 | D:1      | Reached XP level 1. HP: 12/12 MP: 2/2
     0 | D:1      | 0 ||| qw: Version: 0.3-a-35-g05ef00e
     0 | D:1      | 0 ||| qw: Game counter: 7776
     0 | D:1      | 0 ||| qw: Melee chars always use a shield: true
     0 | D:1      | 0 ||| qw: God list: Okawaru
     0 | D:1      | 0 ||| qw: Allow faded altars: false
     0 | D:1      | 0 ||| qw: Do Orc after clearing Dungeon:15 true
     0 | D:1      | 0 ||| qw: Do second Lair branch before Depths: true
     0 | D:1      | 0 ||| qw: Lair rune preference: random
     0 | D:1      | 0 ||| qw: Goals: Normal
     0 | D:1      | 0 ||| PLANNING D:1-11
   329 | D:1      | Reached XP level 2. HP: 16/16 MP: 3/3
   381 | D:1      | Reached skill level 3 in Ranged Weapons
   914 | D:1      | 914 ||| UPGRADING to +0 leather armour.
   924 | D:1      | 924 ||| DROPPING +0 robe.
   932 | D:1      | 932 ||| READING scroll labelled ZOATZE WOUNT.
   975 | D:1      | 975 ||| READING scroll labelled KIAHOG YNGEYRU.
   993 | D:1      | 993 ||| DROPPING scroll of poison.
  1048 | D:2      | 1048 ||| STAIRDANCE
  1055 | D:1      | Reached XP level 3. HP: 18/21 MP: 4/4
  1072 | D:2      | 1072 ||| STAIRDANCE
  1285 | D:2      | Found Juargheh's Magic Scroll Shoppe.
  1299 | D:2      | 1299 ||| BUYING scroll of enchant weapon (90 gold).
  1299 | D:2      | Bought a scroll of enchant weapon for 90 gold pieces
  1299 | D:2      | 1299 ||| SHOPLISTING scroll of identify (24 gold, have 4).
  1299 | D:2      | 1299 ||| SHOPLISTING scroll of teleportation (36 gold, have
                  | 4).
  1299 | D:2      | 1299 ||| READING scroll of enchant weapon.
  1299 | D:2      | 1299 ||| ENCHANTING +1 sling.
  1524 | D:2      | 1524 ||| UPGRADING to +0 ring mail.
  1534 | D:2      | 1534 ||| DROPPING +0 leather armour.
  1535 | D:2      | 1535 ||| READING scroll labelled MEPUFA RUGEUCW.
  1535 | D:2      | Identified a scroll of acquirement
  1535 | D:2      | 1535 ||| ACQUIRING +1 helmet "Feyjedad" {+Blink rCorr}
  1535 | D:2      | Acquired the +1 helmet "Feyjedad" {+Blink rCorr}
  1537 | D:2      | 1537 ||| READING scroll labelled PAGHUO IWOAC.
  1540 | D:2      | 1540 ||| READING scroll labelled MERICO VUHAR.
  1541 | D:2      | 1541 ||| READING scroll labelled CUASTE TIERCHO.
  1563 | D:3      | Reached XP level 4. HP: 26/26 MP: 5/5
  1612 | D:3      | 1612 ||| READING scroll of enchant weapon.
  1612 | D:3      | 1612 ||| ENCHANTING +2 sling.
  1721 | D:3      | Reached skill level 4 in Ranged Weapons
  1798 | D:3      | Reached skill level 1 in Armour
  1845 | D:3      | 1845 ||| FLEEEEING.
  1883 | D:3      | Reached XP level 5. HP: 30/30 MP: 6/6
  2189 | D:3      | 2189 ||| READING scroll labelled WINWEJ YSKE.
  2461 | D:3      | 2461 ||| DRINKING 2 black potions.
  2462 | D:3      | 2462 ||| READING 3 scrolls of identify.
  2462 | D:3      | 2462 ||| IDENTIFYING glowing brown potion
  2463 | D:3      | 2463 ||| READING 2 scrolls of identify.
  2463 | D:3      | 2463 ||| IDENTIFYING emerald potion
  2464 | D:3      | 2464 ||| DROPPING potion of berserk rage.
  2465 | D:3      | 2465 ||| DROPPING potion of lignification.
  2493 | D:4      | Found an opulent altar of Gozag.
  2540 | D:4      | Found a runed translucent gate.
  2541 | D:4      | Found a runed translucent gate.
  2542 | D:4      | Noticed qw's ghost (amateur GrFi)
  2543 | D:4      | Found a runed translucent gate.
  2544 | D:4      | Noticed a kobold brigand
  2561 | D:4      | Noticed a black bear
  2572 | D:4      | HP: 7/30 [black bear (2)]
  2573 | D:4      | Killed a black bear
  2574 | D:4      | Reached skill level 5 in Ranged Weapons
  2574 | D:4      | Reached XP level 6. HP: 8/35 MP: 7/7
  2714 | D:4      | Found Naug's Jewellery Boutique.
  2722 | D:4      | 2722 ||| SHOPLISTING +4 ring of slaying (1014 gold, have
                  | 101).
  2722 | D:4      | 2722 ||| SHOPLISTING +6 ring of dexterity (468 gold, have
                  | 101).
  2722 | D:4      | 2722 ||| SHOPLISTING amulet of faith (520 gold, have 101).
  2722 | D:4      | 2722 ||| SHOPLISTING ring "Wigek" {Ice rElec} (507 gold,
                  | have 101).
  2722 | D:4      | 2722 ||| SHOPLISTING ring of ice (325 gold, have 101).
  2722 | D:4      | 2722 ||| SHOPLISTING ring of protection from cold (325
                  | gold, have 101).
  2780 | D:4      | Found Buuzylem's Assorted Antiques.
  2788 | D:4      | 2788 ||| BUYING metallic silvery potion (20 gold).
  2788 | D:4      | Bought a metallic silvery potion for 20 gold pieces
  2788 | D:4      | 2788 ||| BUYING yellow potion (20 gold).
  2788 | D:4      | Bought a yellow potion for 20 gold pieces
  2814 | D:4      | Reached skill level 3 in Fighting
  2909 | D:4      | 2909 ||| READING scroll of enchant weapon.
  2909 | D:4      | 2909 ||| ENCHANTING +3 sling.
  2999 | D:4      | Reached skill level 6 in Ranged Weapons
  3108 | D:4      | Found Yscheu's Magic Scroll Shop.
  3125 | D:4      | Reached XP level 7. HP: 31/42 MP: 8/8
  3170 | D:4      | 3170 ||| SHOPLISTING scroll of enchant armour (97 gold,
                  | have 81).
  3170 | D:4      | 3170 ||| BUYING scroll of identify (26 gold).
  3170 | D:4      | Bought a scroll of identify for 26 gold pieces
  3170 | D:4      | 3170 ||| BUYING scroll of identify (26 gold).
  3170 | D:4      | Bought a scroll of identify for 26 gold pieces
  3170 | D:4      | 3170 ||| SHOPLISTING scroll of teleportation (39 gold, have
                  | 29).
  3286 | D:4      | Found a blossoming altar of Fedhas.
  3635 | D:4      | 3635 ||| READING scroll labelled BULUOT GASENG.
  3636 | D:4      | 3636 ||| DRINKING 3 yellow potions.
  3637 | D:4      | 3637 ||| READING 5 scrolls of identify.
  3637 | D:4      | 3637 ||| IDENTIFYING metallic silvery potion
  3638 | D:4      | 3638 ||| READING 4 scrolls of identify.
  3638 | D:4      | 3638 ||| IDENTIFYING coppery potion
  3639 | D:4      | 3639 ||| READING 3 scrolls of identify.
  3639 | D:4      | 3639 ||| IDENTIFYING glowing emerald potion
  3640 | D:4      | 3640 ||| READING 2 scrolls of identify.
  3640 | D:4      | 3640 ||| IDENTIFYING viscous brown potion
  3641 | D:4      | 3641 ||| DROPPING potion of attraction.
  3642 | D:4      | 3642 ||| DROPPING potion of brilliance.
  3651 | D:5      | Entered Level 5 of the Dungeon
  3653 | D:5      | 3653 ||| Stepping ~*~*~tactically~*~*~ (outnumbered).
  3655 | D:5      | 3655 ||| Stepping ~*~*~tactically~*~*~ (outnumbered).
  3803 | D:5      | Found Puza's Hydra Hut.
  3808 | D:5      | Noticed an eight-headed hydra
  3811 | D:5      | 3811 ||| SHOPLISTING +2 longbow of freezing (308 gold, have
                  | 54).
  3845 | D:5      | HP: 10/43 [orc warrior/+0 long sword (4)]
  3846 | D:5      | 3846 ||| READING scroll of teleportation.
  3847 | D:5      | Slain by an orc warrior

Levels and vault maps discovered:
D:1:      lightli_molten_gateway, layout_basic, minivault_27
D:2:      layout_rooms, serial_shops, nicolae_shop_window_shopping
D:3:      layout_basic, grunt_decor_cap, wad_orctagon
D:4:      layout_basic, fedhas_altar_fruit_tree, grunt_gozag_breadcrumbs,
          gammafunk_ghost_nasty_kobolds, serial_shops, shop, shop,
          nicolae_shop_trees
D:5:      layout_basic, mainiacjoe_overflow_alcove_1, doesnt_shop_hydraphobe

Skill      XL: |  1  2  3  4  5  6  7 |
---------------+----------------------+-----
Ranged Weapons | 3 4 5 6 |  6.4
Fighting       | 2 3 4 |  4.1
Armour         | 1 |  1.7
Dodging        | |  1.5
Spellcasting   | |  1.0
Hexes          | |  2.6

Action                     |  1- 3 |  4- 6 |  7- 9 || total
---------------------------+-------+-------+-------++-------
   Fire: Sling             |    98 |   157 |    69 ||   324
    Use: Scroll            |     7 |     5 |     6 ||    18
         Potion            |       |     1 |     1 ||     2
 Armour: Leather armour    |     7 |       |       ||     7
         Ring mail         |       |    54 |    27 ||    81
  Dodge: Dodged            |    12 |    62 |    31 ||   105

Table legend:
 A = Non-vault XP
 B = Vault XP
 C = Vault XP percentage of total XP
 D = Non-vault monster count
 E = Vault monster count
 F = Vault count percentage of total count
                 A         B        C        D         E       F
            +---------+---------+-------+---------+---------+-------
      Total |     756 |      12 |   1.6 |      79 |       4 |   4.8
            +---------+---------+-------+---------+---------+-------
        D:1 |      46 |       0 |   0.0 |      16 |       0 |   0.0
        D:2 |      30 |       0 |   0.0 |      15 |       0 |   0.0
        D:3 |     103 |      12 |  10.4 |      23 |       4 |  14.8
        D:4 |     504 |       0 |   0.0 |      18 |       0 |   0.0
        D:5 |      73 |       0 |   0.0 |       7 |       0 |   0.0
            +---------+---------+-------+---------+---------+-------
